 Dungeon Crawl Stone Soup version 0.29-a0-330-g52719c12eb (webtiles) character file.

Game seed: 6335873481695805

101 HoaS the Bolt Thrower (level 5, -2/30 HPs)
             Began as a Kobold Hunter on May 22, 2022.
             Succumbed to a gnoll's poison
             ... on level 3 of the Dungeon.
             The game lasted 00:03:14 (2133 turns).

HoaS the Bolt Thrower (Kobold Hunter)               Turns: 2133, Time: 00:03:14

Health: -2/30      AC:  3    Str:  9    XL:     5   Next: 4%
Magic:  5/5        EV: 14    Int: 10    God:
Gold:   79         SH:  0    Dex: 20    Spells: 4/4 levels left

rFire   . . .      SeeInvis .   a - +2 hand crossbow
rCold   . . .      Faith    .   (no shield)
rNeg    . . .      Spirit   .   b - +0 leather armour
rPois   .          Reflect  .   (no helmet)
rElec   .          Harm     .   (no cloak)
rCorr   .          Rampage  .   (no gloves)
Will    .....                   (no boots)
Stlth   +++.......              (no amulet)
HPRegen 0.10/turn               (no ring)
MPRegen 0.09/turn               (no ring)

@: lethally poisoned (-2 -> -15)
A: small, no large weapons, nightstalker 3
a: no special abilities


You were on level 3 of the Dungeon.
You visited 1 branch of the dungeon, and saw 3 of its levels.

You collected 79 gold pieces.

Inventory:

Hand Weapons
 a - a +2 hand crossbow (weapon)
Armour
 b - a +0 leather armour (worn)
Scrolls
 c - 2 scrolls of immolation
 d - a scroll of blinking
 e - 3 scrolls of identify
Potions
 f - a potion of heal wounds
 g - a potion of resistance {unknown}


   Skills:
 - Level 2.1 Fighting
 + Level 7.9 Crossbows
 - Level 2.4 Dodging
 - Level 1.3 Stealth


You had 4 spell levels left.
You didn't know any spells.
Your spell library contained the following spells:

 Spells                   Type           Power      Damage    Failure   Level
 Corpse Rot               Necr/Air       0%         N/A       63%         2
 Dispel Undead            Necr           0%         3d6       99%         4
 Death Channel            Necr           0%         N/A       100%        6


Dungeon Overview and Level Annotations

Branches:
Dungeon (3/15)

Altars:


Innate Abilities, Weirdness & Mutations

You are small and have problems with some larger weapons.
You are completely attuned to the shadows.


Message History

The gnoll hits you with a +0 whip of venom.
You are poisoned.
You shoot a bolt. The bolt hits the gnoll.
The gnoll is severely wounded.
You feel very sick.
The gnoll hits you with a +0 whip of venom.
You are lethally poisoned!
The endoplasm jiggles.
The gnoll hits you with a +0 whip of venom.
You are more poisoned.
You shoot a bolt. The bolt hits the gnoll.
You kill the gnoll!
You feel extremely sick.
You have reached level 5!
You feel stronger.
You are too injured to fight recklessly!
You are too injured to fight recklessly!
Shoot: a) +2 hand crossbow
Press: ? - help, Q - select action Shift-Dir - straight line, f - endoplasm
Aim: an endoplasm (89% to hit)
You shoot a bolt. The bolt hits the endoplasm.
The endoplasm is moderately wounded.
* * * LOW HITPOINT WARNING * * *
You feel very sick. The endoplasm misses you.
Shoot: a) +2 hand crossbow
Press: ? - help, Q - select action Shift-Dir - straight line, f/p - endoplasm
Aim: an endoplasm (moderately wounded, 89% to hit)
You shoot a bolt.
The bolt hits the endoplasm but does no damage.
The endoplasm is moderately wounded.
* * * LOW HITPOINT WARNING * * *
You feel very sick. The endoplasm closely misses you.
Shoot: a) +2 hand crossbow
Press: ? - help, Q - select action Shift-Dir - straight line, f/p - endoplasm
Aim: an endoplasm (moderately wounded, 89% to hit)
You shoot a bolt. The bolt hits the endoplasm.
You kill the endoplasm!
You die...

#### ##..# #...#
##.#.####... ## #
#......†... #.
..##..#.###.. #.
......>.###.### #.
####@##.......#######
####)##.###<#........
##.)..##.##..#........
#.)#####.##.#..##.....
......####......###.....
......#.......### #.....
.<......##..### ##.####
.....?####..## #..#
#.....# #.##


There were no monsters in sight!

Vanquished Creatures
  A gnoll (D:3)
  3 adders (D:2)
  A worm (D:3)
  2 dart slugs (D:1)
  8 ball pythons
  5 endoplasms
  7 goblins
  2 hobgoblins
  10 jackals
  2 kobolds
  2 quokkas (D:2)
  5 bats
  2 frilled lizards
  6 rats
56 creatures vanquished.

Vanquished Creatures (others)
  3 plants (D:2)
3 creatures vanquished.

Grand Total: 59 creatures vanquished

Notes
Turn   | Place    | Note
-------+----------+-------------------------------------------
     0 | D:1      | HoaS the Kobold Hunter began the quest for the Orb.
     0 | D:1      | Reached XP level 1. HP: 12/12 MP: 1/1
   150 | D:1      | Reached XP level 2. HP: 17/17 MP: 2/2
   164 | D:1      | Reached skill level 6 in Crossbows
   428 | D:1      | Found a faded altar of an unknown god.
   581 | D:1      | Reached XP level 3. HP: 21/21 MP: 3/3
  1092 | D:2      | Reached skill level 7 in Crossbows
  1102 | D:2      | Reached XP level 4. HP: 16/26 MP: 4/4
  2131 | D:3      | Reached XP level 5. HP: 10/30 MP: 5/5
  2132 | D:3      | HP: 1/30 [poisoned by a gnoll]
  2133 | D:3      | Succumbed to a gnoll's poison

Illustrated notes

Levels and vault maps discovered:
D:1:      elethiomel_arrival_quiet, layout_loops_ring,
          hellmonk_ecumenical_altar_blasted, minmay_stone_trees_medium,
          supply_closet_lemuel, feat_on_display
D:2:      layout_loops_ring, serial_bayou, serial_bayou_pond_d,
          serial_bayou_pond_a, serial_bayou_pond_b, serial_bayou_shore_a,
          serial_bayou_ford_a, grunt_ministairs_2, feat_on_display
D:3:      layout_rooms, uniq_pargi, uniq_robin

Skill      XL: |  1  2  3 |
---------------+----------+-----
Crossbows      | 6 7 |  7.9
Fighting       | |  2.1
Dodging        | |  2.4
Stealth        | |  1.3

Action                   |  1- 3 |  4- 6 || total
-------------------------+-------+-------++-------
 Fire: Hand crossbow     |    65 |    55 ||   120
  Use: Scroll            |     3 |     2 ||     5
Armor: Leather armour    |     6 |     1 ||     7
Dodge: Dodged            |    24 |    16 ||    40

Table legend: (Time is in decaauts)
 A = Elapsed time spent in this place.
 B = Non-inter-level travel time spent in this place.
 C = Inter-level travel time spent in this place.
 D = Time resting spent in this place.
 E = Time spent auto-exploring this place.
 F = Levels seen in this place.
 G = Mean time per level.
                   A        B        C        D        E       F      G
               +--------+--------+--------+--------+--------+-----+--------+
         Total |   2201 |   2157 |     44 |    410 |   1506 |   3 |  733.7 |
       Dungeon |   2201 |   2157 |     44 |    410 |   1506 |   3 |  733.7 |
               +--------+--------+--------+--------+--------+-----+--------+

Top non-repeatable levels by time:
     D:2: 1102 daAuts
     D:1: 995 daAuts
     D:3: 104 daAuts
